 Dungeon Crawl Stone Soup version 0.29.1-2-gbd0b4ee654 (webtiles) character file.

Game seed: 7387960164855666492

4564 FizzleBangTC the Thaumaturge (level 10, -1/91 HPs)
             Began as a Meteoran Earth Elementalist on Nov 20, 2022.
             Was an Initiate of Ashenzari.
             Slain by a water moccasin (9 damage)
             ... on level 2 of the Lair of Beasts.
             The game lasted 00:20:30 (1016 turns).

FizzleBangTC the Thaumaturge (MeEE)                 Turns: 1016, Time: 00:20:31

Health: -1/91      AC:  3    Str: 10    XL:     10   Next: 99%
Magic:  0/24       EV: 16    Int: 22    God:    Ashenzari [......]
Gold:   180        SH:  0    Dex: 14    Spells: 17/27 levels left

rFire   . . .      SeeInvis .   a - +0 dagger
rCold   . . .      Faith    .   (no shield)
rNeg    . . .      Spirit   .   e - +0 robe "Regret of Ashenzari" {Bglg, Evo} (curse)
rPois   .          Reflect  .   (no helmet)
rElec   .          Harm     .   k - +0 cloak
rCorr   .          Rampage  .   (no gloves)
Will    +....                   (no boots)
Stlth   +.........              (no amulet)
HPRegen 0.25/turn               (no ring)
MPRegen 0.19/turn               (no ring)

@: brilliant, lethally poisoned (-1 -> -5), glowing
A: sense surroundings 2, otherworldly, glowing, explore regen
a: Renounce Religion, Shatter the Chains


You were on level 2 of the Lair of Beasts.
You worshipped Ashenzari.
Ashenzari was noncommittal.
You visited 2 branches of the dungeon, and saw 12 of its levels.

You collected 260 gold pieces.
You spent 80 gold pieces at shops.

Inventory:

Hand Weapons
 a - a +0 dagger (weapon)
Missiles
 f - 4 poisoned darts
Armour
 e - the cursed +0 robe "Regret of Ashenzari" (worn) {Bglg, Evo}

   It has a curse which improves the following skills: Beguiling: Conjurations,
   Hexes and Translocations.
   Evocations: Evocations.
 k - a +0 cloak (worn)
Magical Staves
 l - a staff of death
Wands
 d - a wand of flame (17)
 h - a wand of mindburst (9)
 i - a wand of iceblast (5)
Scrolls
 c - a scroll of immolation
 g - a scroll of teleportation
 j - a scroll of identify {@r1}
 m - a scroll of vulnerability {unknown}
 n - a scroll of magic mapping
Potions
 b - a potion of magic
 p - a potion of lignification {unknown}


   Skills:
 + Level 9.0 Fighting
 - Level 9.0 Dodging
 - Level 1.4 Stealth
 - Level 9.0 Spellcasting
 - Level 2.0(2.3) Conjurations
 - Level 1.2 Transmutations
 - Level 7.0 Earth Magic
 - Level 5.7(6.1) Evocations


You had 17 spell levels left.
You knew the following spells:

 Your Spells              Type           Power      Damage    Failure   Level
a - Sandblast             Erth           100%       2d20      1%          1
b - Stone Arrow           Conj/Erth      90%        3d12      3%          3
c - Petrify               Tmut/Erth      41%        N/A       12%         4
z - Passwall              Tmut/Erth      34%        N/A       1%          2

Your spell library contained the following spells:

 Spells                   Type           Power      Damage    Failure   Level


Dungeon Overview and Level Annotations

Branches:
Dungeon (10/15) Zot: 5172    Lair (2/5) D:8 Zot: 986
 Temple: D:4-7        Swamp: Lair:2-3    Shoals: Lair:2-3     Snake: Lair:2-3
 Spider: Lair:2-3       Orc: D:9-12

Altars:
Ashenzari
Dithmenos
Gozag
Uskayaw
Wu Jian

Shops:
D:4 *


Innate Abilities, Weirdness & Mutations

You passively map the area around you.
You are easily found by Zot.
You glow in the dark.
You regain HP and MP as you explore.


Message History

The water moccasin bites you.
You are poisoned.
The water moccasin poisons you!
Casting: Sandblast (safe; 1% risk of failure)
Confirm with . or Enter, or press ? or * to list all spells.
Aiming: Sandblast (safe; 1% risk of failure)
Press: ? - help, Shift-Dir - straight line, f - water moccasin
Aim: a water moccasin (75% to hit)
The blast of sand misses the water moccasin.
You feel very sick. The water moccasin bites you. x2
Casting: Sandblast (safe; 1% risk of failure)
Confirm with . or Enter, or press ? or * to list all spells.
Aiming: Sandblast (safe; 1% risk of failure)
Press: ? - help, Shift-Dir - straight line, f/p - water moccasin
Aim: a water moccasin (75% to hit)
The blast of sand hits the water moccasin!
The water moccasin is heavily wounded.
You feel very sick. The water moccasin bites you!
The water moccasin barely misses you. The water moccasin closely misses you.
The water moccasin bites you but does no damage.
You feel very sick. The water moccasin bites you.
Casting: Sandblast (safe; 1% risk of failure)
Confirm with . or Enter, or press ? or * to list all spells.
Aiming: Sandblast (safe; 1% risk of failure)
Press: ? - help, Shift-Dir - straight line, f/p - water moccasin
Aim: a water moccasin (water, heavily wounded, 75% to hit)
The blast of sand hits the water moccasin!
The water moccasin is almost dead.
You feel sick. The water moccasin bites you.
You are more poisoned.
The water moccasin poisons you! The water moccasin bites you.
You are more poisoned.
The water moccasin poisons you! The water moccasin bites you.
Casting: Sandblast (safe; 1% risk of failure)
Confirm with . or Enter, or press ? or * to list all spells.
Aiming: Stone Arrow (mildly dangerous; 3% risk of failure)
Press: ? - help, Shift-Dir - straight line, f/p - water moccasin
Aim: a water moccasin (water, almost dead, 57% to hit)
The stone arrow hits the water moccasin!!
You kill the water moccasin!
You feel very sick. The water moccasin barely misses you.
Casting: Stone Arrow (mildly dangerous; 3% risk of failure)
Confirm with . or Enter, or press ? or * to list all spells.
Aiming: Stone Arrow (mildly dangerous; 3% risk of failure)
Press: ? - help, Shift-Dir - straight line, f - adder
Aim: an adder (57% to hit)
The stone arrow hits the adder!
You kill the adder!
You feel very sick. The water moccasin closely misses you.
The water moccasin misses you. The adder closely misses you.
Casting: Stone Arrow (mildly dangerous; 3% risk of failure)
Confirm with . or Enter, or press ? or * to list all spells.
Aiming: Stone Arrow (mildly dangerous; 3% risk of failure)
Press: ? - help, Shift-Dir - straight line, f - water moccasin
Aim: a water moccasin (water, 57% to hit)
The stone arrow hits the water moccasin!!
The water moccasin is severely wounded.
You feel very sick. The water moccasin bites you.
* * * LOW HITPOINT WARNING * * *
The adder misses you.
A water moccasin comes into view.
Casting: Stone Arrow (mildly dangerous; 3% risk of failure)
Confirm with . or Enter, or press ? or * to list all spells.
You don't have enough magic to cast this spell.
Casting: Stone Arrow (mildly dangerous; 3% risk of failure)
Confirm with . or Enter, or press ? or * to list all spells.
Aiming: Sandblast (safe; 1% risk of failure)
Press: ? - help, Shift-Dir - straight line, f/p - water moccasin
Aim: a water moccasin (water, severely wounded, 75% to hit)
The blast of sand hits the water moccasin!
You kill the water moccasin!
You feel very sick. The adder closely misses you. The adder misses you.
Training target 9.0 for Dodging reached!
Your Dodging skill increases to level 9!
You need to enable at least one skill for training.
Unknown command.
Unknown command.
It was a potion of brilliance.
You feel clever all of a sudden.
You feel sick. The adder barely misses you.
Casting: Sandblast (safe; 1% risk of failure)
Confirm with . or Enter, or press ? or * to list all spells.
Aiming: Sandblast (safe; 1% risk of failure)
Press: ? - help, Shift-Dir - straight line, f - water moccasin
Aim: a water moccasin (76% to hit)
You feel a surge of power!
The blast of sand misses the water moccasin.
You feel sick. The adder bites you.
* * * LOW HITPOINT WARNING * * *
The water moccasin bites you.
* * * LOW HITPOINT WARNING * * *
The water moccasin bites you!
You die...

###......# ,, ,* ~~~ *
.........# , * , *
.........# * ** *, *
.........##* ####
,.#........####≈≈##
*** *
......##.††..≈≈≈≈###..
....P# #≈≈≈~≈~≈~≈≈~...
,....# #≈≈####S#~~#.$
,...# * #≈≈##.@≈#*##,
,..., *#≈≈##.S### * ..
,*,#####..* ** ##. ,
#.* ,, , * #. * , *~
## , , * * , ,* ~~~ ,


You could see a water moccasin and an adder.

Vanquished Creatures
  A boulder beetle (Lair:1)
  Pikel (D:4)
  A black mamba (Lair:1)
  A komodo dragon (D:8)
  A polar bear (Lair:1)
  3 blink frogs (Lair:1)
  A vampire (D:8)
  A wyvern (D:9)
  6 water moccasins (Lair:2)
  2 black bears (D:8)
  3 orc warriors (D:8)
  An ice beast (D:6)
  An ogre (D:4)
  A centaur (D:9)
  A kobold brigand (D:8)
  A bullfrog (D:8)
  A scorpion (D:7)
  A gnoll bouda (D:8)
  2 orc priests
  Crazy Yiuf (D:7)
  Ijyb (D:3)
  3 orc wizards
  5 gnolls (D:8)
  7 adders
  2 dart slugs (D:1)
  13 orcs
  2 giant cockroaches
  6 goblins
  A hobgoblin (D:4)
  A quokka (D:3)
  4 ball pythons
  2 bats (D:1)
  6 kobolds
  3 rats (D:1)
87 creatures vanquished.

Vanquished Creatures (others)
  An orc wizard (D:9)
  11 fungi (D:8)
  9 plants (D:8)
21 creatures vanquished.

Grand Total: 108 creatures vanquished

Notes
Turn   | Place    | Note
-------+----------+-------------------------------------------
     0 | D:1      | FizzleBangTC the Meteoran Earth Elementalist began the
                  | quest for the Orb.
     0 | D:1      | Reached XP level 1. HP: 14/14 MP: 5/5
    98 | D:1      | Reached XP level 2. HP: 17/20 MP: 2/6
   103 | D:1      | Learned a level 2 spell: Passwall
   188 | D:1      | Reached XP level 3. HP: 26/26 MP: 5/8
   193 | D:1      | Learned a level 3 spell: Stone Arrow
   266 | D:3      | Noticed Ijyb
   275 | D:3      | Killed Ijyb
   275 | D:3      | HP: 4/26 [quokka (3)]
   276 | D:3      | Reached skill level 5 in Earth Magic
   276 | D:3      | Reached XP level 4. HP: 5/33 MP: 0/9
   326 | D:4      | Found Tulitopim's General Store.
   332 | D:4      | Bought a scroll of fear for 40 gold pieces
   332 | D:4      | Bought a scroll of fear for 40 gold pieces
   350 | D:4      | Noticed Pikel
   350 | D:4      | Noticed a lemure
   350 | D:4      | Noticed a lemure
   350 | D:4      | Noticed a lemure
   350 | D:4      | Noticed a lemure
   358 | D:4      | Killed Pikel
   359 | D:4      | Reached XP level 5. HP: 25/38 MP: 6/14
   359 | D:4      | Reached XP level 6. HP: 29/45 MP: 6/16
   359 | D:4      | Reached XP level 7. HP: 33/50 MP: 6/17
   418 | D:4      | Reached XP level 8. HP: 57/57 MP: 11/20
   421 | D:4      | Found a broken altar of Ashenzari.
   426 | D:4      | Became a worshipper of Ashenzari the Shackled
   445 | D:5      | Entered Level 5 of the Dungeon
   555 | D:7      | Found a runed translucent door.
   556 | D:7      | Noticed Crazy Yiuf
   561 | D:7      | Killed Crazy Yiuf
   609 | D:7      | Found a shadowy altar of Dithmenos.
   609 | D:7      | Found an opulent altar of Gozag.
   649 | D:8      | Reached skill level 1 in Fighting
   669 | D:9      | Noticed a wyvern
   676 | D:9      | HP: 10/61 [centaur/arrow (10)]
   680 | D:10     | Entered Level 10 of the Dungeon
   680 | D:10     | Noticed a yak
   680 | D:10     | Noticed a yak
   680 | D:10     | Noticed a yak
   680 | D:10     | Noticed a yak
   685 | D:9      | Killed a wyvern
   703 | D:9      | Gained mutation: You passively map the area around you.
                  | [Meteoran growth]
   703 | D:9      | Reached XP level 9. HP: 42/72 MP: 16/23
   708 | D:9      | Learned a level 4 spell: Petrify
   728 | D:8      | Reached skill level 5 in Fighting
   747 | D:8      | Noticed a komodo dragon
   764 | D:8      | Killed a komodo dragon
   807 | D:8      | Found a staircase to the Lair.
   812 | Lair:1   | Entered Level 1 of the Lair of Beasts
   812 | Lair:1   | Noticed a black mamba
   816 | Lair:1   | Killed a black mamba
   817 | Lair:1   | Reached XP level 10. HP: 53/91 MP: 3/24
   829 | Lair:1   | Found an ornate altar of the Wu Jian Council.
   829 | Lair:1   | Found a hide-covered altar of Uskayaw.
   829 | Lair:1   | Noticed a boulder beetle
   841 | Lair:1   | Killed a boulder beetle
   918 | Lair:1   | Reached skill level 5 in Evocations
  1014 | Lair:2   | HP: 17/91 [poisoned by a water moccasin]
  1016 | Lair:2   | HP: 8/91 [water moccasin (5)]
  1016 | Lair:2   | Slain by a water moccasin

Illustrated notes

Levels and vault maps discovered:
D:1:      nagdon_arrival_double_spiral, layout_loops_ring,
          ebering_ecumenical_altar_abandoned
D:2:      layout_loops_cross, minmay_misc_feat_nine_boxes, moated_statue,
          minmay_pentomino_p4
D:3:      layout_basic, mainiacjoe_overflow_catwalk_spiral, uniq_terence,
          uniq_ijyb
D:4:      layout_rooms, mainiacjoe_overflow_boulevard, serial_shops, shop,
          uniq_pikel
D:5:      cheibrodos_barr_body, layout_loops_ring,
          mainiacjoe_overflow_small_starburst, minmay_temple_entry_grid,
          serial_shops, shop_statue, due_unseen_surprise
D:6:      layout_loops_corners, uniq_edmund, uniq_maggie
D:7:      layout_basic, led_sif_book, grunt_temple_overflow_open,
          chequers_temple_overflow_statue_of_worship, uniq_crazy_yiuf_cottage
D:8:      layout_basic, grunt_lair_entry_orc_guard_hut,
          minmay_stone_trees_small, minivault_11
D:9:      layout_basic, gammafunk_ghost_berserking_beasts,
          nicolae_underground_beach
D:10:     layout_roguey, nicolae_overflow_hidden_temple, uniq_amaemon
Lair:1:   layout_chaotic_city, nzn_masters_of_martial_movement,
          grunt_megastairs_3
Lair:2:   lemuel_reptile_caves, layout_hall_layers,
          hangedman_lair_unloving_vines, uniq_harold

Skill      XL: |  1  2  3  4  5  6  7  8  9 10 |
---------------+-------------------------------+-----
Earth Magic    | 4 5 7 |  7.0
Conjurations   | 2 |  2.0
Spellcasting   | 6 7 9 |  9.0
Fighting       | 4 9 |  9.0
Dodging        | 4 9 |  9.0
Evocations     | 5 |  5.7
Stealth        | |  1.4
Transmutations | |  1.2

Action                   |  1- 3 |  4- 6 |  7- 9 | 10-12 || total
-------------------------+-------+-------+-------+-------++-------
Melee: Unarmed           |     1 |       |       |       ||     1
Throw: Dart              |       |       |       |     1 ||     1
 Cast: Sandblast         |    23 |     2 |    44 |    15 ||    84
       Passwall          |     4 |       |     2 |     1 ||     7
       Stone Arrow       |     2 |     1 |    30 |    26 ||    59
Invok: Curse Item        |       |       |       |     1 ||     1
Evoke: Wand              |       |     4 |    13 |     1 ||    18
  Use: Scroll            |       |     2 |     4 |     1 ||     7
       Potion            |       |       |     2 |     1 ||     3
Armor: Robe              |     4 |       |    10 |     3 ||    17
Dodge: Dodged            |     7 |       |    28 |    27 ||    62

Table legend: (Time is in decaauts)
 A = Elapsed time spent in this place.
 B = Non-inter-level travel time spent in this place.
 C = Inter-level travel time spent in this place.
 D = Time resting spent in this place.
 E = Time spent auto-exploring this place.
 F = Levels seen in this place.
 G = Mean time per level.
                   A        B        C        D        E       F      G
               +--------+--------+--------+--------+--------+-----+--------+
         Total |   1040 |   1007 |     33 |      0 |      0 |  12 |   86.7 |
       Dungeon |    827 |    794 |     33 |      0 |      0 |  10 |   82.7 |
          Lair |    212 |    212 |      0 |      0 |      0 |   2 |  106.0 |
               +--------+--------+--------+--------+--------+-----+--------+

Top non-repeatable levels by time:
     D:1: 229 daAuts
  Lair:1: 169 daAuts
     D:4: 137 daAuts
     D:8: 115 daAuts
     D:7: 73 daAuts
     D:6: 70 daAuts
     D:3: 69 daAuts
     D:9: 49 daAuts
  Lair:2: 43 daAuts
     D:2: 43 daAuts
     D:5: 38 daAuts
    D:10: 1 daAuts

Table legend:
 A = Kills in this place as a percentage of kills in entire the game.
 B = Kills by you in this place as a percentage of kills by you in the entire game.
 C = Kills by friends in this place as a percentage of kills by friends in the entire game.
 D = Other kills in this place as a percentage of other kills in the entire game.
 E = Experience gained in this place as a percentage of experience gained in the entire game.
 F = Experience gained in this place divided by the number of levels of this place that you have seen.
                   A       B       C       D       E      F
               +-------+-------+-------+-------+-------+----------------------
         Total | 100.0 | 100.0 |   N/A |   N/A | 100.0 | 543.4
       Dungeon |  80.5 |  80.5 |   N/A |   N/A |  48.0 | 312.8
          Lair |  19.5 |  19.5 |   N/A |   N/A |  52.0 | 1696.5
               +-------+-------+-------+-------+-------+----------------------
